 Dungeon Crawl Stone Soup version 0.27-a0-1193-g8631133539 (webtiles) character file.

Game seed: 3342842298721171770

14 EnegeticOcto the Magician (level 2, 8/21 HPs)
             Began as a Djinni Earth Elementalist on May 25, 2021.
             Was a Follower of Okawaru.
             Quit the game on level 2 of the Dungeon.
             The game lasted 00:01:53 (228 turns).

EnegeticOcto the Magician (DjEE)                     Turns: 228, Time: 00:01:53

Health: 8/21       AC:  2    Str:  7    XL:     2   Next: 55%
Gold:   20         EV: 12    Int: 16    God:    Okawaru [*.....] SH:  0 Dex: 13

rFire    + + .     SeeInvis .   d - +2 mace (holy)
rCold    x . .     Faith    .   (no shield)
rNeg     . . .     Spirit   .   c - +0 robe
rPois    ∞         Reflect  .   (no helmet)
rElec    .         Harm     .   (no cloak)
rCorr    .         Rampage  .   (no gloves)
Will     .....                  (boots unavailable)
Stlth    ++........             (no amulet)
HPRegen  0.07/turn              (no ring)
MPRegen  0.00/turn              (no ring)

@: flying
A: sickness immunity, fire resistance 2, cold vulnerability 1, float, innate
caster, hp casting, extra vitality 1
a: Renounce Religion, Heroism


You were on level 2 of the Dungeon.
You worshipped Okawaru.
Okawaru was aware of your devotion.
You visited 1 branch of the dungeon, and saw 3 of its levels.

You collected 20 gold pieces.

Inventory:

Hand Weapons
 d - a +2 mace of holy wrath (weapon)
   (You found it on level 3 of the Dungeon)
Missiles
 b - 25 stones
Armour
 c - a +0 robe (worn)
Potions
 a - a potion of heal wounds {@q2 !q}


   Skills:
 - Level 2.1 Dodging
 - Level 1.5 Stealth
 + Level 3.0 Spellcasting


You couldn't memorise any spells.
You knew the following spells:

 Your Spells              Type           Power      Damage    Failure   Level
a - Sandblast             Erth           24%        2d8       5%          1
b - Stone Arrow           Conj/Erth      24%        3d8       16%         3
c - Petrify               Tmut/Erth      12%        N/A       47%         4
d - Lee's Rapid Deconstr  Erth           6%         3d7*      83%         5
p - Passwall              Tmut/Erth      10%        N/A       9%          2
Your spell library was empty.

Dungeon Overview and Level Annotations

Branches:
Dungeon (3/15)

Altars:
Okawaru
Uskayaw

Annotations:
D:2 Robin


Innate Abilities, Weirdness & Mutations

You are immune to sickness and miasma.
You are immune to poison.
Your flesh is very heat resistant. (rF++)
You are vulnerable to cold. (rC-)
You float through the air rather than walking.
You learn spells naturally, not from books.
Your magical power is your life essence.
You have superior vitality. (+4 HP)


Message History

Press: ? - help, Shift-Dir - straight line, f - jackal
Aim: a jackal (74% to hit)
The blast of sand misses the jackal.
The jackal barks!
Casting: Sandblast (safe; 6% risk of failure)
Confirm with . or Enter, or press ? or * to list all spells.
Aiming: Sandblast (safe; 6% risk of failure)
Press: ? - help, Shift-Dir - straight line, f/p - jackal
Aim: a jackal (74% to hit)
The blast of sand hits the jackal!
You kill the jackal!
Casting: Sandblast (safe; 5% risk of failure)
Confirm with . or Enter, or press ? or * to list all spells.
Aiming: Sandblast (safe; 5% risk of failure)
Press: ? - help, Shift-Dir - straight line, f - jackal
Aim: a jackal (74% to hit)
The blast of sand hits the jackal.
The jackal is moderately wounded.
Casting: Sandblast (safe; 5% risk of failure)
Confirm with . or Enter, or press ? or * to list all spells.
Aiming: Sandblast (safe; 5% risk of failure)
Press: ? - help, Shift-Dir - straight line, f/p - jackal
Aim: a jackal (lightly wounded, 74% to hit)
You miscast Sandblast.
You are very lightly contaminated with residual magic.
Nothing appears to happen.
The jackal bites you.
Casting: Sandblast (safe; 5% risk of failure)
Confirm with . or Enter, or press ? or * to list all spells.
Aiming: Sandblast (safe; 5% risk of failure)
Press: ? - help, Shift-Dir - straight line, f/p - jackal
Aim: a jackal (lightly wounded, 74% to hit)
The blast of sand hits the jackal!
You kill the jackal!
Found a potion of heal wounds and 20 gold pieces.
Found a glowing mace and a fuming white potion.
Found a hide-covered altar of Uskayaw.
Your magical contamination has completely faded away.
a - a potion of heal wounds {@q2 !q}
Found an escape hatch in the ceiling.
You see here a +2 mace of holy wrath.
Your +2 mace of holy wrath softly glows with a divine radiance!
d - a +2 mace of holy wrath (weapon)
e - a fuming white potion You now have 10 gold pieces.
A frilled lizard and an endoplasm come into view.
The frilled lizard hisses angrily.
The endoplasm quivers.
Found a stone staircase leading up.
Casting: Sandblast (safe; 5% risk of failure)
Confirm with . or Enter, or press ? or * to list all spells.
Aiming: Sandblast (safe; 5% risk of failure)
Press: ? - help, Shift-Dir - straight line, f - frilled lizard
Aim: a frilled lizard (66% to hit)
The blast of sand misses the frilled lizard.
The frilled lizard closely misses you.
Casting: Sandblast (safe; 5% risk of failure)
Confirm with . or Enter, or press ? or * to list all spells.
Aiming: Sandblast (safe; 5% risk of failure)
Press: ? - help, Shift-Dir - straight line, f/p - frilled lizard
Aim: a frilled lizard (66% to hit)
The blast of sand hits the frilled lizard!
You kill the frilled lizard!
Your Spellcasting skill increases to level 3!
Casting: Sandblast (safe; 5% risk of failure)
Confirm with . or Enter, or press ? or * to list all spells.
Aiming: Sandblast (safe; 5% risk of failure)
Press: ? - help, Shift-Dir - straight line, f - endoplasm
Aim: an endoplasm (98% to hit)
The blast of sand hits the endoplasm.
The endoplasm is almost dead.
The endoplasm hits you but does no damage.
Casting: Sandblast (safe; 5% risk of failure)
Confirm with . or Enter, or press ? or * to list all spells.
Aiming: Sandblast (safe; 5% risk of failure)
Press: ? - help, Shift-Dir - straight line, f/p - endoplasm
Aim: an endoplasm (almost dead, 98% to hit)
The blast of sand hits the endoplasm!
You kill the endoplasm!
* * * LOW HITPOINT WARNING * * *
You now have 20 gold pieces (gained 10).
It was a potion of haste.
You feel yourself speed up.
Found a stone staircase leading down.
You reach down and open the door.
There is an open door here.
There is a stone staircase leading up here.
You fly upwards.
Level annotation: Robin
There is a stone staircase leading down here.
Your extra speed is starting to run out.
Found a faded altar of an unknown god.
Found 19 sling bullets.
Found 8 gold pieces.
Okay, then.
You feel yourself slow down.
There is a faded altar of an unknown god here.
You cannot tell which god this altar belongs to.
Convert to them anyway?
Okawaru accepts your prayer! Okawaru welcomes you!
You can now gain great but temporary skills.
Are you sure you want to abandon this character and quit the game? (Confirm with "yes".)

..(....># #. ..#
#.#.#####..# #.# ...
... ##.#
####.$##.##..# # .#
....#.....#.#.# .#
##.#.......#..# .#
##.#.......(.#^# .#
## #.#.....≈.....#
.#
#..#.#....≈@≈....#
..#.#....≈.≈....#
#....#.....≈.....#.#
#. #.#...........#.#
#. #.#.........#..#
#. #..............
#. #.#.#.....#..#.
#. ##.##.#####.#.#
#.##...##.....##..


There were no monsters in sight!

Vanquished Creatures
  A ball python (D:3)
  2 bats (D:3)
  An endoplasm (D:3)
  A goblin (D:3)
  2 hobgoblins (D:3)
  2 jackals (D:3)
  2 frilled lizards (D:3)
  A rat (D:3)
12 creatures vanquished.

Notes
Turn   | Place    | Note
-------+----------+-------------------------------------------
     0 | D:1      | EnegeticOcto the Djinni Earth Elementalist began the quest
                  | for the Orb.
     0 | D:1      | Reached XP level 1. HP: 15/15 MP: 0/0
    11 | D:2      | Noticed Robin
    59 | D:3      | Reached XP level 2. HP: 4/21 MP: 0/0
   155 | D:3      | Found a hide-covered altar of Uskayaw.
   178 | D:3      | Reached skill level 3 in Spellcasting
   218 | D:2      | Found a faded altar of an unknown god.
   227 | D:2      | Became a worshipper of Warmaster Okawaru
   227 | D:2      | Reached * piety under Okawaru
   228 | D:2      | Quit the game

Illustrated notes

Levels and vault maps discovered:
D:1:      evilmike_arrival_hilbert_curve, layout_basic
D:2:      layout_loops_ring, basic_altar,
          shapermc_ecumenical_altar_starsandcircs, uniq_robin, uniq_sigmund
D:3:      layout_basic, eat_drink_and_be_merry_uskayaw

Skill      XL: |  1  2 |
---------------+-------+-----
Spellcasting   | 3 |  3.0
Dodging        | |  2.1
Stealth        | |  1.5

Action                   || total
-------------------------++-------
 Cast: Sandblast         ||    23
  Use: Potion            ||     2
Armor: Robe              ||     2
Dodge: Dodged            ||    13

Table legend: (Time is in decaauts)
 A = Elapsed time spent in this place.
 B = Non-inter-level travel time spent in this place.
 C = Inter-level travel time spent in this place.
 D = Time resting spent in this place.
 E = Time spent auto-exploring this place.
 F = Levels seen in this place.
 G = Mean time per level.
                   A        B        C        D        E       F      G
               +--------+--------+--------+--------+--------+-----+--------+
         Total |    212 |    212 |      0 |      0 |      0 |   3 |   70.7 |
       Dungeon |    212 |    212 |      0 |      0 |      0 |   3 |   70.7 |
               +--------+--------+--------+--------+--------+-----+--------+

Top non-repeatable levels by time:
     D:3: 173 daAuts
     D:2: 28 daAuts
     D:1: 11 daAuts
